 Dungeon Crawl Stone Soup version 0.19.4-8-ga85b6b9 (webtiles) character file.

49 vatarom the Covered (level 3, -5/27 HPs)
             Began as a Demonspawn Gladiator on Feb 12, 2017.
             Slain by a goblin (6 damage)
             ... led by Robin
             ... on level 2 of the Dungeon.
             The game lasted 00:03:03 (1259 turns).

vatarom the Covered (Demonspawn Gladiator)          Turns: 1259, Time: 00:03:04

Health: -5/27      AC:  6    Str: 15    XL:     3   Next: 51%
Magic:  3/3        EV: 12    Int:  9    God:
Gold:   79         SH:  0    Dex: 14    Spells: 0 memorised, 2 levels left

rFire  . . .     SeeInvis .     a - +0 quarterstaff
rCold  . . .     Gourm    .     b - +0 leather armour
rNeg   . . .     Faith    .     (shield currently unavailable)
rPois  .         Spirit   .     (helmet restricted)
rElec  .         Reflect  .     (no cloak)
rCorr  .         Harm     .     h - +0 pair of gloves
MR     .....                    (no boots)
Stlth  +.........               (no amulet)
                                (no ring)
                                (no ring)

@: no status effects
A: antennae 1, thin metallic scales 1
a: no special abilities


You were on level 2 of the Dungeon.
You were not hungry.

You visited 1 branch of the dungeon, and saw 2 of its levels.

You collected 79 gold pieces.

Inventory:

Hand Weapons
 a - a +0 quarterstaff (weapon)
Missiles
 d - 3 throwing nets (quivered)
Armour
 b - a +0 leather armour (worn)
 c - a +0 helmet
 h - a +0 pair of gloves (worn)
Scrolls
 e - 2 scrolls of identify
Comestibles
 f - a bread ration
 i - 3 chunks of flesh


   Skills:
 - Level 2.0 Fighting
 - Level 2.6 Staves
 - Level 1.7 Throwing
 * Level 2.9 Armour
 - Level 2.6 Dodging


You had 2 spell levels left.
You didn't know any spells.

Dungeon Overview and Level Annotations

Branches:
Dungeon (2/15)

Altars:
Ashenzari

Annotations:
D:2 Robin, Sigmund


Innate Abilities, Weirdness & Mutations

You have a pair of small antennae on your head.
You are partially covered in thin metallic scales. (AC +2)


Message History

The goblin is severely wounded.
The goblin hits you.
* * * LOW HITPOINT WARNING * * *
The goblin hits you but does no damage.
You thump the goblin!
You kill the goblin!
The goblin barely misses you.
You hit the goblin.
You kill the goblin!
The hobgoblin closely misses you. Robin throws the goblin at you!
* * * LOW HITPOINT WARNING * * *
The goblin closely misses you.
The hobgoblin hits you but does no damage.
You aren't carrying any potions.
As you read the scroll labeled YJAAKHLENWIERCHU, it crumbles to dust.
It is a scroll of amnesia.
You feel forgetful for a moment. The goblin hits you.
* * * LOW HITPOINT WARNING * * *
Robin throws the goblin at you! The goblin hits you.
You die...

.. #. ..# # .#######
###..## #. ....#..###
##ggg.... .#.#
#(......# ####gg#
.....#.......###@g).##
.#.#.#.........gg####
.......#.#.......#
.#..##.._........###..#
.#..##.#.#.....#.....#
..............######.#
..............#
......#####...#
........#......#


You could see Robin, 2 hobgoblins and 4 goblins.

Vanquished Creatures
  An adder (D:1)
  An ooze (D:1)
  A dart slug (D:1)
  2 leopard geckos
  A ball python (D:1)
  2 giant cockroaches (D:1)
  10 goblins
  3 hobgoblins (D:1)
  3 kobolds (D:1)
  3 bats
  A frilled lizard (D:1)
  2 rats
30 creatures vanquished.

Notes
Turn   | Place    | Note
-------+----------+-------------------------------------------
     0 | D:1      | vatarom the Demonspawn Gladiator began the quest for the Orb.
     0 | D:1      | Reached XP level 1. HP: 16/16 MP: 1/1
   207 | D:1      | Reached skill level 1 in Armour
   486 | D:1      | Gained mutation: You are partially covered in thin metallic scales. (AC +2) [demonic ancestry]
   486 | D:1      | Reached XP level 2. HP: 22/22 MP: 2/2
   928 | D:1      | Gained mutation: You have a pair of small antennae on your head. [demonic ancestry]
   928 | D:1      | Reached XP level 3. HP: 27/27 MP: 3/3
   959 | D:2      | Noticed Sigmund
  1212 | D:2      | Found a shattered altar of Ashenzari.
  1236 | D:2      | Noticed Robin
  1258 | D:2      | HP: 1/27 [goblin[Robin] (1)]
  1259 | D:2      | Slain by a goblin

Skill      XL: |  1  2 |
---------------+-------+-----
Armour         | 1 2 |  2.9
Fighting       | |  2.0
Staves         | |  2.6
Throwing       | |  1.7
Dodging        | |  2.6

Action                   || total
-------------------------++-------
Melee: Quarterstaff      ||    91
  Use: Potion            ||     1
       Scroll            ||     3
  Eat: Chunk             ||     1
Armor: Leather armour    ||    49
Dodge: Dodged            ||    90
